 Dungeon Crawl Stone Soup version 0.25-a0-285-gcba6f664f8 (webtiles) character file.

Game seed: 16211190811093356352, levelgen mode: deterministic

12949 MisterFreud the Carver (level 12, -10/97 HPs)
             Began as a Formicid Abyssal Knight on Dec 11, 2019.
             Was a High Priest of Lugonu.
             Mangled by an orc knight
             ... wielding a cursed -2 halberd
              (28 damage)
             ... in a bailey.
             The game lasted 00:34:39 (10934 turns).

MisterFreud the Carver (Formicid Abyssal Knight)   Turns: 10934, Time: 00:34:41

Health: -10/97     AC: 12    Str: 26    XL:     12   Next: 26%
Magic:  28/28      EV: 10    Int: 13    God:    Lugonu [*****.]
Gold:   1129       SH:  4    Dex: 10    Spells: 11/11 levels left

rFire    . . .     SeeInvis +   M - +1 great sword
rCold    . . .     Gourm    .   Q - +0 buckler
rNeg     . . .     Faith    .   p - +0 chain mail
rPois    .         Spirit   .   (helmet unavailable)
rElec    .         Reflect  .   (no cloak)
rCorr    .         Harm     .   y - +0 pair of gloves
MR       +....                  N - +1 pair of boots
Stlth    ..........             f - amulet of regeneration
HPRegen  0.66/turn              t - ring of magical power
MPRegen  0.21/turn              v - +2 ring of evasion

@: mighty
A: permanent stasis, dig shafts and tunnels, four strong arms, antennae 3
a: Dig, Shaft Self, Depart the Abyss, Bend Space, Banish, Corrupt, Enter the
Abyss, Renounce Religion


You were in a bailey.
You worshipped Lugonu.
Lugonu was extremely pleased with you.
You were not hungry.

You visited 1 branch of the dungeon, and saw 11 of its levels.
You visited the Abyss 1 time.
You also visited: Bailey.

You collected 1129 gold pieces.

Inventory:

Hand Weapons
 a - a +1 falchion
 A - a +1 scimitar of flaming
 C - a +1 hunting sling of flaming
 H - a +0 long sword
 M - a +1 great sword (weapon)
Missiles
 i - 312 stones (quivered)
 j - 54 bolts
 l - 82 sling bullets
 s - 7 silver javelins
 z - 79 arrows
 G - 7 javelins
 O - a throwing net
 P - 21 boomerangs
 U - 2 curare-tipped darts
Armour
 b - a +1 leather armour
 p - a +0 chain mail (worn)
 y - a +0 pair of gloves (worn)
 N - a +1 pair of boots (worn)
 Q - a +0 buckler (worn)
Jewellery
 f - an amulet of regeneration (around neck)
 h - an uncursed amulet of the acrobat
 t - a ring of magical power (left hand)
 v - a +2 ring of evasion (right hand)
 X - an uncursed ring of ice
 Y - an uncursed ring of ice
Wands
 w - a wand of digging (5)
 E - a wand of iceblast (26)
 F - a wand of random effects (24)
 I - a wand of flame (17)
 R - a wand of polymorph (9)
 S - a wand of acid (2)
 W - a wand of disintegration (13)
Scrolls
 o - a scroll of magic mapping
 r - a scroll of enchant armour
 u - 3 scrolls of remove curse
 K - 2 scrolls of fear
 V - a scroll of enchant weapon
Potions
 d - 2 potions of heal wounds
 e - a potion of might
 g - a potion of mutation {unknown}
 k - a potion of ambrosia
 m - a potion of brilliance
 n - 3 potions of flight
 q - a potion of agility
 x - a potion of magic {unknown}
 B - a potion of cancellation
 D - a potion of resistance {unknown}
 J - 3 potions of curing
 L - a potion of haste {unknown}
Comestibles
 c - 14 rations
 T - 9 chunks of flesh


   Skills:
 - Level 10.0 Fighting
 - Level 14.1 Long Blades
 - Level 2.5 Armour
 - Level 0.8 Dodging
 + Level 2.8 Shields
 - Level 10.0 Invocations


You had 11 spell levels left.
You didn't know any spells.
Your spell library contained the following spells:

 Spells                   Type           Power        Failure   Level  Hunger
 Infusion                 Chrm           #...         90%         1    ##.....
 Summon Butterflies       Summ           #.......     90%         1    ##.....
 Shroud of Golubria       Chrm/Tloc      #.....       97%         2    ###....
 Song of Slaying          Chrm           #.......     97%         2    ###....
 Call Canine Familiar     Summ           #.......     99%         3    ####...
 Regeneration             Chrm/Necr      #.........   99%         3    ####...
 Spectral Weapon          Hex/Chrm       #.......     99%         3    ####...
 Summon Ice Beast         Ice/Summ       #.......     100%        4    #####..
 Summon Mana Viper        Hex/Summ       #.......     100%        5    ######.
 Summon Hydra             Summ           #.........   100%        7    #######


Dungeon Overview and Level Annotations

Branches:
Dungeon (11/15)            Temple (0/1) D:7            Lair (0/6) D:10
    Orc (0/2) D:10         Bailey (1/1)

Altars:
Ashenzari
Gozag
Nemelex Xobeh
Qazlal
Vehumet
The Shining One

Shops:
D:9 [   D:11 !

Annotations:
D:3 2 transporters
D:4 3 runed translucent doors, Xiguana's ghost, amateur OgAr
Abyss:1 Edmund; Prince Ribbit


Innate Abilities, Weirdness & Mutations

You cannot be hasted, slowed, berserked, paralysed or teleported.
You can dig through walls and to a lower floor.
Your four strong arms can wield two-handed weapons with a shield.
You have a pair of large antennae on your head. (SInv)


Message History

Press: ? - help, Shift-Dir - straight line, f/p - orc knight
Aim: an orc knight, wielding a -2 halberd and wearing a +0 crystal plate armour (heavily wounded, unusually strong, covered in acid)
The mass of ice explodes!
The iceblast engulfs the orc knight!
The orc knight is severely wounded.
The iceblast engulfs the orc knight!
The orc knight is severely wounded.
The orc no longer looks unusually strong.
You block the orc knight's attack.
Evoke which item? (* to show all) (? for menu, Esc to quit)
Aiming: Iceblast
Press: ? - help, Shift-Dir - straight line, f/p - orc knight
Aim: an orc knight, wielding a -2 halberd and wearing a +0 crystal plate armour (severely wounded, unusually strong, covered in acid)
The mass of ice explodes!
The iceblast engulfs the orc knight!
The orc knight is severely wounded.
The iceblast engulfs the orc knight but does no damage.
The orc knight is severely wounded.
The iceblast engulfs the orc!
The orc is almost dead.
The orc knight hits you from afar with a cursed -2 halberd!!
You die...

##..∩).##
#....)))#
#∩..)).∩#
#....)))#
#.......#
#.......#
#....)..#
#....)..#
#.@.....#
#.......#
#.oo....#
##.)o..##
###)###
#)))#
#{).#
#.).#
#...#


You could see 2 orc knights and an orc.

Vanquished Creatures
  Erolcha (D:10)
  Erica (D:11)
  3 death yaks
  An unseen horror (D:10)
  An orc knight (Bailey)
  Joseph (D:8)
  A gargoyle (D:11)
  A komodo dragon (D:10)
  A troll (D:9)
  Grinder (D:5)
  A hippogriff (D:5)
  A vampire (D:9)
  6 yaks (D:10)
  Menkaure (D:6)
  A hungry ghost (D:8)
  12 orc warriors
  2 ice beasts (D:10)
  A black bear (D:10)
  A sky beast (D:8)
  2 necrophages
  4 ogres
  2 phantoms
  2 centaurs
  3 big kobolds
  5 bullfrogs
  2 gnoll sergeants
  3 scorpions
  8 killer bees
  5 wights (D:9)
  An electric eel (D:7)
  A crimson imp (D:5)
  3 howler monkeys
  2 quasits (D:10)
  A centaur zombie (D:7)
  A bullfrog zombie (D:5)
  5 jellies
  8 hounds
  19 orc wizards
  8 orc priests
  2 hell rats (D:10)
  2 iguanas
  A worker ant (D:4)
  2 hound skeletons
  A worker ant zombie (D:8)
  9 adders
  14 gnolls
  6 shadow imps
  2 oozes (D:1)
  A worm (D:2)
  2 dart slugs
  4 leopard geckos
  73 orcs
  6 bats
  7 giant cockroaches
  5 goblins
  22 hobgoblins
  2 jackals (D:2)
  24 kobolds
  5 quokkas
  A ball python (D:2)
  2 frilled lizards
  3 goblin skeletons (D:8)
  A hobgoblin zombie (D:8)
  A kobold zombie (D:8)
  A leopard gecko skeleton (D:4)
  2 orc skeletons (D:8)
  2 orc zombies (D:8)
  6 rats
332 creatures vanquished.

Vanquished Creatures (others)
  2 electric eels (D:7)
  An orc wizard (D:8)
  A plant (D:7)
4 creatures vanquished.

Grand Total: 336 creatures vanquished

Notes
Turn   | Place    | Note
-------+----------+-------------------------------------------
     0 | Abyss:1  | MisterFreud the Formicid Abyssal Knight began the quest for
                  | the Orb.
     0 | Abyss:1  | Reached XP level 1. HP: 18/18 MP: 2/2
    52 | D:1      | Escaped the Abyss
   116 | D:1      | Reached XP level 2. HP: 13/24 MP: 3/3
   265 | D:1      | Reached XP level 3. HP: 27/30 MP: 4/4
   303 | D:1      | Reached ** piety under Lugonu
   703 | D:2      | Reached XP level 4. HP: 30/38 MP: 5/5
   925 | D:2      | Reached skill level 5 in Fighting
  1194 | D:2      | Reached XP level 5. HP: 44/44 MP: 6/6
  1206 | D:3      | Found a transporter.
  1481 | D:3      | Found a transporter.
  1515 | D:3      | Noticed a phantom
  1669 | D:3      | Found a sparkling altar of Nemelex Xobeh.
  1917 | D:3      | Found an opulent altar of Gozag.
  2267 | D:4      | Reached XP level 6. HP: 15/53 MP: 7/7
  2361 | D:4      | Reached *** piety under Lugonu
  2819 | D:4      | Reached XP level 7. HP: 45/61 MP: 8/8
  2882 | D:4      | Found a runed translucent gate.
  2884 | D:4      | Found a runed translucent gate.
  2885 | D:4      | Found a runed translucent gate.
  2885 | D:4      | Noticed Xiguana's ghost (amateur OgAr)
  2937 | D:5      | Entered Level 5 of the Dungeon
  2937 | D:5      | Noticed a hippogriff
  2962 | D:5      | Killed a hippogriff
  2972 | D:5      | Noticed Menkaure
  3038 | D:5      | Noticed Grinder
  3088 | D:5      | Killed Grinder
  3088 | D:5      | Reached XP level 8. HP: 21/71 MP: 8/10
  3153 | D:5      | Found a radiant altar of Vehumet.
  3360 | D:6      | You fall into a shaft and drop 3 floors!
  3362 | D:9      | Found Liol's Antique Armour Emporium.
  3547 | D:8      | Found a stormy altar of Qazlal.
  3733 | D:6      | Noticed Edmund
  3745 | D:6      | Reached skill level 5 in Invocations
  3860 | D:6      | Banished Edmund
  3860 | D:6      | Reached skill level 10 in Fighting
  4120 | D:6      | Found a shattered altar of Ashenzari.
  4310 | D:5      | Noticed Prince Ribbit
  4376 | D:5      | Banished Prince Ribbit
  4489 | D:5      | HP: 1/72 [Menkaure (13)]
  4504 | D:6      | Killed Menkaure
  4504 | D:6      | Reached XP level 9. HP: 5/78 MP: 14/14
  4679 | D:5      | Reached skill level 3 in Long Blades
  5026 | D:7      | Found a staircase to the Ecumenical Temple.
  5348 | D:6      | Reached skill level 4 in Long Blades
  6388 | D:8      | Reached skill level 5 in Long Blades
  6666 | D:8      | Reached **** piety under Lugonu
  6668 | D:8      | Reached skill level 6 in Long Blades
  6679 | D:8      | Noticed Joseph
  6695 | D:8      | Killed Joseph
  6695 | D:8      | Reached XP level 10. HP: 62/85 MP: 17/17
  6924 | D:8      | Reached skill level 10 in Invocations
  6946 | D:8      | Reached skill level 7 in Long Blades
  6989 | D:8      | Paralysed by fainting for 12 turns
  7128 | D:8      | Found a glowing golden altar of the Shining One.
  7591 | D:8      | Reached skill level 1 in Shields
  7754 | D:9      | Reached skill level 8 in Long Blades
  7866 | D:10     | Entered Level 10 of the Dungeon
  8051 | D:10     | Reached skill level 9 in Long Blades
  8119 | D:9      | Reached ***** piety under Lugonu
  8478 | D:9      | Reached skill level 10 in Long Blades
  8478 | D:9      | Reached XP level 11. HP: 90/90 MP: 18/18
  8843 | D:10     | Noticed Erolcha
  9120 | D:10     | Reached skill level 11 in Long Blades
  9398 | D:10     | Killed Erolcha
  9443 | D:10     | Noticed an unseen horror
  9453 | D:10     | Killed an unseen horror
  9453 | D:10     | Reached skill level 12 in Long Blades
  9612 | D:10     | Found a staircase to the Lair.
  9621 | D:10     | Noticed a death yak
  9623 | D:10     | Noticed a death yak
  9656 | D:10     | Killed a death yak
  9720 | D:10     | Noticed a death yak
  9739 | D:9      | Killed a death yak
  9836 | D:10     | HP: 2/90 [death yak (22)]
  9839 | D:10     | Killed a death yak
  9839 | D:10     | Reached skill level 13 in Long Blades
 10038 | D:10     | Found a staircase to the Orcish Mines.
 10426 | D:11     | Reached XP level 12. HP: 97/97 MP: 19/19
 10440 | D:11     | Noticed Erica
 10461 | D:11     | Killed Erica
 10492 | D:11     | Found Kieh's Distillery.
 10549 | D:11     | Found a flagged portal.
 10564 | Bailey   | Entered a bailey
 10919 | Bailey   | Reached skill level 14 in Long Blades
 10934 | Bailey   | Mangled by an orc knight

Levels and vault maps discovered:
D:1:      matt_arrival_diagonals, layout_rooms
D:2:      layout_loops_ring
D:3:      gammafunk_wand_slinger, layout_loops_ring,
          nicolae_overflow_hidden_temple, overflow_temple_1_default,
          chequers_ecumenical_altar_twisty, yredelemnul_altar_generic
D:4:      layout_loops_ring, ebering_ghost_rock_garden, first_ration
D:5:      layout_rooms, old_standard_altar, uniq_prince_ribbit1, uniq_grinder,
          uniq_menkaure
D:6:      layout_basic, kennysheep_mini, sigmund_army, uniq_edmund
D:7:      layout_cave_pods, minmay_temple_entry_glass, serial_bayou,
          serial_bayou_ford_a, serial_bayou_pond_c, serial_bayou_shore_a,
          serial_bayou_shore_b
D:8:      kennysheep_housing_project, layout_basic,
          nicolae_tso_besieged_by_evil, nicolae_qazlal_general_emergency,
          uniq_joseph
D:9:      layout_roguey, serial_shops, shop_coins
D:10:     layout_gridville, dpeg_lair_monsters, orc_0_dummy, special_room
          [special_room_orc], uniq_erolcha
D:11:     layout_loops_corners, gauntlet_entry_generic,
          ebering_ghost_inner_flame, serial_shops, nicolae_shop_waterfront,
          enter_bailey_2, the_bakery, chequers_big_river, uniq_erica
Bailey:   bailey_polearm_5, bailey

Skill      XL: |  1  2  3  4  5  6  7  8  9 10 11 12 |
---------------+-------------------------------------+-----
Fighting       | 4 5 6 7 9 10 | 10.0
Invocations    | 3 6 9 10 | 10.0
Long Blades    | 6 10 13 14 | 14.1
Shields        | 2 |  2.8
Armour         | |  2.5
Dodging        | |  0.8

Action                   |  1- 3 |  4- 6 |  7- 9 | 10-12 || total
-------------------------+-------+-------+-------+-------++-------
Melee: Falchion          |    76 |   212 |   302 |       ||   590
       Great sword       |       |       |    91 |   573 ||   664
       Long sword        |       |       |    64 |       ||    64
Throw: Javelin           |       |       |     2 |       ||     2
Invok: Banish            |       |       |     4 |       ||     4
 Abil: Dig               |       |       |       |     2 ||     2
Evoke: Wand              |       |       |     2 |    18 ||    20
  Use: Scroll            |       |     8 |     3 |     8 ||    19
       Potion            |       |     1 |     2 |     2 ||     5
  Eat: Chunk             |       |     6 |     9 |    22 ||    37
       Ration            |       |       |     2 |     2 ||     4
Armor: Leather armour    |    16 |    55 |       |       ||    71
       Chain mail        |       |       |   295 |   461 ||   756
Dodge: Dodged            |    51 |   138 |   214 |   280 ||   683
Block: Buckler           |       |       |       |   111 ||   111
       Rpst.: Falchion   |    18 |    45 |    46 |       ||   109
       Great sword       |       |       |    19 |    65 ||    84
       Long sword        |       |       |     6 |       ||     6

Table legend:
 A = Non-vault XP
 B = Vault XP
 C = Vault XP percentage of total XP
 D = Non-vault monster count
 E = Vault monster count
 F = Vault count percentage of total count
                 A         B        C        D         E       F
            +---------+---------+-------+---------+---------+-------
      Total |    9960 |    8539 |  46.2 |     228 |     109 |  32.3
            +---------+---------+-------+---------+---------+-------
        D:1 |      62 |       0 |   0.0 |      28 |       0 |   0.0
        D:2 |     100 |       0 |   0.0 |      25 |       0 |   0.0
        D:3 |      29 |       0 |   0.0 |       3 |       0 |   0.0
        D:4 |     346 |       0 |   0.0 |      17 |       0 |   0.0
        D:5 |     539 |     429 |  44.3 |      13 |       2 |  13.3
        D:6 |     346 |     315 |  47.7 |      10 |       8 |  44.4
        D:7 |     479 |       0 |   0.0 |      12 |       0 |   0.0
        D:8 |    1209 |    1487 |  55.2 |      32 |      41 |  56.2
        D:9 |    2396 |     888 |  27.0 |      39 |       1 |   2.5
       D:10 |    3669 |    2878 |  44.0 |      38 |      25 |  39.7
       D:11 |     785 |     907 |  53.6 |      11 |       1 |   8.3
     Bailey |       0 |    1635 | 100.0 |       0 |      31 | 100.0
            +---------+---------+-------+---------+---------+-------
